 Dungeon Sprint DCSS version 0.15.2 (webtiles) character file.

10511 MordorOrchid the Bringer of Life (level 11, -18/92 HPs)
             Began as a Gargoyle Healer on July 5, 2020.
             Was the Champion of Elyvilon.
             Killed from afar by an ancient lich (67 damage)
             ... with a bolt of cold
             ... in the Dungeon (Sprint V: "Ziggurat Sprint").
             The game lasted 00:19:23 (996 turns).

MordorOrchid the Bringer of Life (Gargoyle Healer)   Turns: 996, Time: 00:19:23

HP -18/92        AC 33     Str 32      XL: 11   Next: 63%
MP  26/37        EV 11     Int 15      God: Elyvilon [******]
Gold 0           SH 32     Dex 14      Spells:  3 memorised, 13 levels left

rFire  + + +     SeeInvis .     x - +8 lance "Wyrmbane" {slay drac, +Rage rPois rF+ AC+5}
rCold  x . .     Clarity  .     O - +5 fire dragon armour
rNeg   + + .     rCorr    .     v - +18 shield of the gong {rElec rN+ MR+ EV-5}
rPois  +         rRot     +     T - +1 helmet of the Pit {rElec}
rElec  +         Spirit   .     (no cloak)
SustAb .         Warding  .     V - +0 pair of gloves {Str+3}
rMut   .         NoTele   +     (no boots)
Gourm  .                        (no amulet)
MR     +....                    r - +6 ring of strength
                                q - +6 ring of strength

@: agile, divinely vigorous, somewhat resistant to hostile enchantments, very
unstealthy
A: negative energy resistance 1, electricity resistance, unbreathing,
petrification resistance, rot immunity, AC +7
a: Lesser Healing, Lesser Self-Healing, Divine Protection, Purification, Greater
Healing, Greater Self-Healing, Divine Vigour, Renounce Religion, Evoke Berserk
Rage


You were in the Dungeon.
You worshipped Elyvilon.
Elyvilon was exalted by your worship.
You were very hungry.

You visited 1 branch

Inventory:

Hand weapons
 w - the +7 Singing Sword
   (You found it in the Dungeon)
 x - the +8 lance "Wyrmbane" (weapon) {slay drac, +Rage rPois rF+ AC+5}
   (You found it in the Dungeon)

   It affects your AC (+5).
   It protects you from fire.
   It protects you from poison.
   It lets you go berserk.
Missiles
 Q - 1000 arrows
Armour
 v - the +18 shield of the gong (worn) {rElec rN+ MR+ EV-5}
   (You found it in the Dungeon)

   It affects your evasion (-5).
   It insulates you from electricity.
   It protects you from negative energy.
   It affects your resistance to hostile enchantments.
 O - a +5 fire dragon armour (worn)
 P - a cursed +5 gold dragon armour
 T - the +1 helmet of the Pit (worn) {rElec}
   (You found it in the Dungeon)

   It insulates you from electricity.
 V - a +0 pair of gloves of strength (worn)
Magical devices
 i - a wand of disintegration (4)
 j - a wand of fire (4)
 k - a wand of cold (5)
Comestibles
 d - 6 bread rations
 z - 39 fruits
 A - 2 meat rations
 S - 3 chunks of fire giant flesh
 Y - 6 chunks of two-headed ogre flesh
Scrolls
 h - 4 scrolls of blinking
 y - 4 scrolls of amnesia
 B - 3 scrolls of recharging
 C - 7 scrolls of fog
 E - 5 scrolls of identify
 F - 5 scrolls of remove curse
 G - 2 scrolls of fear
Jewellery
 o - a +6 ring of intelligence
 p - a +6 ring of intelligence
 q - a +6 ring of strength (left hand)
 r - a +6 ring of strength (right hand)
Potions
 b - 11 potions of curing
 c - 13 potions of heal wounds
 e - a potion of haste
 f - 7 potions of magic
 g - 2 potions of berserk rage
 H - 2 potions of brilliance
 I - a potion of invisibility
 J - 2 potions of restore abilities
 K - 4 potions of resistance
 M - a potion of agility
 N - 2 potions of might
Books
 s - a tome of Destruction
 t - a tome of Destruction
 L - a book of Annihilations This book is beyond your current level of understanding.

   Spells                             Type                      Level
   Poison Arrow                       Conjuration/Poison           6
   Chain Lightning                    Conjuration/Air              8
   Lehudib's Crystal Spear            Conjuration/Earth            8
   Glaciate                           Conjuration/Ice              9
   Fire Storm                         Conjuration/Fire             9
 R - a book of Spatial Translocations

   Spells                             Type                      Level
   Apportation                        Translocation                1
   *Blink                             Translocation                2
   Shroud of Golubria                 Charms/Translocation         2
   Portal Projectile                  Translocation                3
   Teleport Other                     Translocation                3
   Passage of Golubria                Translocation                4
Magical staves
 l - an uncursed staff of energy
Miscellaneous
 a - a box of beasts
 m - a plain deck of summonings
 n - a fan of gales
 u - a disc of storms
 D - an ornate deck of war
 U - a box of beasts {used: 2}
 W - a plain deck of changes
 Z - a box of beasts


   Skills:
 * Level 9.1 Fighting
 - Level 7.3 Polearms
 * Level 10.3 Armour
 - Level 6.0 Dodging
 * Level 11.7 Shields
 - Level 6.0 Spellcasting
 - Level 4.1 Summonings
 - Level 3.3 Transmutations
 - Level 4.7 Earth Magic
 + Level 17.1 Invocations
 - Level 8.5 Evocations


You had 13 spell levels left.
You knew the following spells:

 Your Spells              Type           Power        Failure   Level  Hunger
a - Summon Butterflies    Summ           ###.....     8%          1    None
x - Blink                 Tloc           N/A          47%         2    #......
Y - Statue Form           Trmt/Erth      ###......    100%        6    #######


Dungeon Overview and Level Annotations

Branches:
Dungeon (1/1)

Altars:
Ashenzari
Cheibriados
Dithmenos
Elyvilon
Fedhas
Kikubaaqudgha
Makhleb
Nemelex Xobeh
Okawaru
Qazlal
Sif Muna
Trog
Vehumet
Xom
Yredelemnul
Zin
The Shining One
Beogh
Jiyva
Lugonu


Innate Abilities, Weirdness & Mutations

You are resistant to torment.
You are immune to poison.
Your stone body is very resilient (AC +7).
You resist negative energy.
You are resistant to electric shocks.
You can survive without breathing.
You are immune to petrification.
You are immune to rotting.


Message History

PANG!
The shadow hits you.
You block the skeletal warrior's attack.
PANG!
You block the shadow's attack.
BONNNG!
Something hits the wight but does no damage.
The wight misses something.
Unknown command.
Unknown command.
Use which ability? (? or * to list) You're too hungry.
Eat a chunk of cyclops flesh? (ye/n/q/i?) This raw flesh tastes terrible.
You are feeling very hungry.
The ancient lich casts a spell at you.
The bolt of cold misses the shadow.
The bolt of cold hits you!
You feel a terrible chill!
Ouch! That really hurt!
You die...

})":|.▓C..:[:|..▓C..}
..).:}}..▓C.).|[)..▓p..[
▓.........▓C........▓....
▓.....z...▓.....)...▓...)
▓.........▓.........▓....
▓...Zz....▓.........▓....
▓..▓...▓.z▓....%....▓.▓..
▓.▓...ZW▓Z▓.▓.))).▓.▓....
▓.....LW@.▓....(....▓▓▓▓▓
▓▓▓▓▓▓▓▓▓▓▓▓▓▓▓▓▓▓▓▓▓


You could see an ancient lich, a skeletal warrior, 2 shadows, a wight, a human
zombie, a giant gecko skeleton and a bat skeleton.

Vanquished Creatures
  A fire giant (D)
  A vault warden (D)
  2 vault guards (D)
  An ironheart preserver (D)
  2 guardian mummies (D)
  A two-headed ogre (D)
  A boulder beetle (D)
  2 flying skulls (D)
  An air elemental (D)
  A water moccasin (D)
  A naga (D)
  3 insubstantial wisps (D)
  2 orc priests (D)
  2 sheep (D)
  A mummy (D)
  A white imp (D)
  An orc (D)
  A gnoll simulacrum (D)
  2 hobgoblin zombies (D)
  A kobold skeleton (D)
28 creatures vanquished.

Vanquished Creatures (others)
  A fire giant (D)
  2 vault guards (D)
  A flayed ghost (D)
  A cyclops (D)
  A necromancer (D)
  A guardian mummy (D)
  2 two-headed ogres (D)
  A slime creature (D)
  A vampire (D)
  A deep elf fighter (D)
  A centaur (D)
  A mummy (D)
  2 chimeras (D)
  A quokka skeleton (D)
17 creatures vanquished.

Grand Total: 45 creatures vanquished

Notes
Turn   | Place    | Note
--------------------------------------------------------------
     0 | D        | MordorOrchid, the Gargoyle Healer, began the quest for the Orb.
     0 | D        | Reached XP level 1. HP: 12/12 MP: 2/2
     0 | D        | Found a roughly hewn altar of Beogh.
     0 | D        | Found a corrupted altar of Lugonu.
     1 | D        | Found a white marble altar of Elyvilon.
     2 | D        | Found a sparkling altar of Nemelex Xobeh.
     2 | D        | Found a burning altar of Makhleb.
     2 | D        | Found a deep blue altar of Sif Muna.
     3 | D        | Found a bloodstained altar of Trog.
     7 | D        | Found an iron altar of Okawaru.
    15 | D        | Found a radiant altar of Vehumet.
    27 | D        | Found an ancient bone altar of Kikubaaqudgha.
    28 | D        | Found a basalt altar of Yredelemnul.
    38 | D        | Found a shimmering altar of Xom.
    46 | D        | Reached skill level 8 in Shields
    46 | D        | Reached XP level 2. HP: 16/16 MP: 3/3
    51 | D        | Entered arena 1.
    51 | D        | Noticed a water moccasin
    51 | D        | Noticed a naga
    55 | D        | Killed a naga
    55 | D        | Reached XP level 3. HP: 24/24 MP: 4/8
    55 | D        | Reached XP level 4. HP: 29/29 MP: 5/10
    63 | D        | Killed a water moccasin
    63 | D        | Reached skill level 5 in Fighting
    63 | D        | Reached skill level 10 in Invocations
    63 | D        | Reached XP level 5. HP: 35/35 MP: 5/15
    63 | D        | Reached XP level 6. HP: 40/40 MP: 6/18
    67 | D        | Entered arena 2.
    67 | D        | Noticed an orc priest
    67 | D        | Noticed an orc priest
    73 | D        | Killed an orc priest
    73 | D        | Reached skill level 1 in Armour
    73 | D        | Reached skill level 1 in Evocations
    74 | D        | Killed an orc priest
    74 | D        | Reached skill level 1 in Polearms
    79 | D        | Entered arena 3.
    79 | D        | Noticed an insubstantial wisp
    79 | D        | Noticed an air elemental
    79 | D        | Noticed an insubstantial wisp
    79 | D        | Noticed an insubstantial wisp
    84 | D        | Killed an air elemental
    90 | D        | Killed an insubstantial wisp
    90 | D        | Reached XP level 7. HP: 14/47 MP: 11/19
    99 | D        | Killed an insubstantial wisp
   107 | D        | Killed an insubstantial wisp
   127 | D        | Got the +1 helmet of the Pit {rElec}
   248 | D        | Entered arena 4.
   248 | D        | Noticed an ice beast
   252 | D        | Pacified an ice beast
   252 | D        | Acquired Elyvilon's third power
   266 | D        | Entered arena 5.
   266 | D        | Noticed a giant frog
   266 | D        | Noticed a porcupine
   267 | D        | Pacified a giant frog
   268 | D        | Pacified a porcupine
   269 | D        | Reached skill level 10 in Shields
   288 | D        | Entered arena 6.
   288 | D        | Noticed a flying skull
   288 | D        | Noticed a guardian mummy
   289 | D        | Killed a flying skull
   289 | D        | Reached skill level 5 in Armour
   289 | D        | Reached XP level 8. HP: 50/53 MP: 9/21
   293 | D        | Killed a guardian mummy
   293 | D        | Reached skill level 5 in Evocations
   301 | D        | Identified Viuthri's Beginning Course on the Arcane Arts (You found it in the Dungeon)
   377 | D        | Entered arena 7.
   377 | D        | Noticed a slime creature
   377 | D        | Noticed an ironheart preserver
   377 | D        | Noticed a vault guard
   377 | D        | Noticed a deep elf fighter
   377 | D        | Noticed a cyan very ugly thing
   377 | D        | Noticed a boulder beetle
   379 | D        | Pacified a cyan very ugly thing
   379 | D        | Reached skill level 5 in Dodging
   379 | D        | Reached XP level 9. HP: 56/59 MP: 20/23
   379 | D        | Acquired Elyvilon's fourth power
   381 | D        | Pacified a deep elf fighter
   381 | D        | Reached skill level 5 in Polearms
   381 | D        | Killed a deep elf fighter
   386 | D        | Pacified a vault guard
   386 | D        | Reached skill level 11 in Invocations
   394 | D        | Killed an ironheart preserver
   394 | D        | Reached skill level 12 in Invocations
   399 | D        | Killed a slime creature
   408 | D        | Killed a boulder beetle
   453 | D        | Entered arena 8.
   453 | D        | Noticed a guardian mummy
   453 | D        | Noticed a guardian mummy
   453 | D        | Noticed a flying skull
   453 | D        | Noticed a guardian mummy
   453 | D        | Noticed a guardian mummy
   463 | D        | Pacified a guardian mummy
   466 | D        | Pacified a guardian mummy
   466 | D        | Reached skill level 13 in Invocations
   479 | D        | Killed a flying skull
   480 | D        | Killed a guardian mummy
   482 | D        | Pacified a guardian mummy
   483 | D        | Killed a guardian mummy
   483 | D        | Reached XP level 10. HP: 64/64 MP: 7/26
   483 | D        | Noticed a soul eater
   583 | D        | Learned a level 1 spell: Summon Butterflies
   584 | D        | Entered arena 9.
   584 | D        | Noticed a hippogriff
   584 | D        | Noticed a merfolk
   584 | D        | Noticed a merfolk
   584 | D        | Noticed a centaur
   584 | D        | Noticed a merfolk
   589 | D        | Pacified a merfolk
   591 | D        | Pacified a merfolk
   592 | D        | Pacified a merfolk
   592 | D        | Reached skill level 1 in Summonings
   593 | D        | Pacified a hippogriff
   595 | D        | Killed a centaur
   628 | D        | Learned a level 6 spell: Statue Form
   629 | D        | Entered arena 10.
   629 | D        | Noticed a vault guard
   629 | D        | Noticed a vault guard
   629 | D        | Noticed a vault guard
   629 | D        | Noticed a vault guard
   629 | D        | Noticed a vault guard
   629 | D        | Noticed a flayed ghost
   629 | D        | Noticed a vault warden
   629 | D        | Noticed a stone giant
   629 | D        | Noticed an ice dragon
   630 | D        | Pacified an ice dragon
   630 | D        | Reached skill level 1 in Earth Magic
   630 | D        | Reached skill level 14 in Invocations
   631 | D        | Pacified a stone giant
   631 | D        | Reached skill level 1 in Transmutations
   634 | D        | Killed a vault guard
   636 | D        | Killed a vault guard
   637 | D        | Pacified a flayed ghost
   637 | D        | Reached skill level 5 in Spellcasting
   639 | D        | Pacified a vault guard
   639 | D        | Killed a flayed ghost
   648 | D        | Killed a vault guard
   648 | D        | Reached skill level 15 in Invocations
   656 | D        | Killed a vault guard
   656 | D        | Reached XP level 11. HP: 34/68 MP: 3/28
   685 | D        | Killed a vault warden
   709 | D        | Learned a level 2 spell: Blink
   844 | D        | Entered arena 11.
   844 | D        | Noticed a cyclops
   844 | D        | Noticed a two-headed ogre
   844 | D        | Noticed a fire giant
   844 | D        | Noticed a hill giant
   844 | D        | Noticed a two-headed ogre
   844 | D        | Noticed a cyclops
   844 | D        | Noticed a fire giant
   844 | D        | Noticed a two-headed ogre
   846 | D        | Noticed a frost giant
   846 | D        | Pacified a fire giant
   846 | D        | Reached skill level 16 in Invocations
   847 | D        | Noticed a cyclops
   850 | D        | Pacified a hill giant
   852 | D        | Killed a fire giant
   854 | D        | Pacified a two-headed ogre
   855 | D        | Pacified a frost giant
   855 | D        | Reached skill level 10 in Armour
   855 | D        | Killed a two-headed ogre
   856 | D        | Pacified a cyclops
   858 | D        | Pacified a cyclops
   862 | D        | Pacified a two-headed ogre
   863 | D        | Killed a cyclops
   865 | D        | Killed a two-headed ogre
   866 | D        | Killed a fire giant
   867 | D        | Killed a two-headed ogre
   982 | D        | Entered arena 12.
   982 | D        | Noticed a wight
   982 | D        | Noticed a necromancer
   982 | D        | Noticed an ancient lich
   982 | D        | Noticed a vampire mage
   982 | D        | Noticed a shadow
   982 | D        | Noticed a shadow
   982 | D        | Noticed a vampire
   983 | D        | Noticed a necromancer
   984 | D        | Pacified a vampire mage
   984 | D        | Reached skill level 17 in Invocations
   985 | D        | Pacified a vampire
   985 | D        | Killed a vampire
   986 | D        | Noticed a skeletal warrior
   990 | D        | Pacified a necromancer
   992 | D        | Killed a necromancer
   996 | D        | Killed from afar by an ancient lich

Action                   |  1- 3 |  4- 6 |  7- 9 | 10-12 || total
-------------------------+-------+-------+-------+-------++-------
Melee: Lance             |     2 |    22 |    45 |    64 ||   133
Invok: Lesser Healing    |       |       |    14 |     3 ||    17
       Lesser Self-Heali |       |       |     4 |     2 ||     6
       Greater Healing   |       |       |    17 |    34 ||    51
       Divine Vigour     |       |       |     1 |     1 ||     2
Evoke: Wand              |       |     1 |     3 |       ||     4
       Box of beasts     |       |       |     4 |       ||     4
       Disc of storms    |       |       |       |     4 ||     4
  Use: Potion            |     6 |       |     6 |     3 ||    15
       Scroll            |       |       |     1 |       ||     1
 Stab: Invisible         |       |     1 |       |       ||     1
       Sleeping          |       |     1 |       |       ||     1
  Eat: Meat ration       |       |       |     1 |     1 ||     2
       Chunk             |       |       |     3 |    10 ||    13
       Fruit             |       |       |       |     3 ||     3
